 Dungeon Crawl Stone Soup version 0.30-a0-862-g1aabd4f9c5 (webtiles) character file.

Game seed: 9567039332157022247

83 oldriver the Trooper (level 4, -2/29 HPs)
             Began as a Gargoyle Chaos Knight on Mar 10, 2023.
             Was a Plaything of Xom.
             Slain by Sigmund
             ... wielding a +0 scythe
              (15 damage)
             ... on level 2 of the Dungeon.
             The game lasted 00:01:50 (1660 turns).

oldriver the Trooper (Gargoyle Chaos Knight)        Turns: 1660, Time: 00:01:50

Health: -2/29      AC: 12    Str: 17    XL:     4   Next: 44%
Magic:  4/4        EV: 11    Int: 13    God:    Xom [..*...]
Gold:   158        SH:  0    Dex:  9    Spells: 3/3 levels left

rFire   . . .      SeeInvis .    a - +0 hand axe (chaos)
rCold   . . .      Faith    .    (no shield)
rNeg    + . .      Spirit   .    b - +2 leather armour
rPois   ∞          Reflect  .    h - +0 helmet
rElec   +          Rampage  .    f - +0 cloak
rCorr   .                        l - +0 pair of gloves
Will    .....                    (no boots)
Stlth   +                        (no amulet)
HPRegen 0.24/turn                (no ring)
MPRegen 0.09/turn                (no ring)

@: brilliant
A: sickness immunity, AC +3, negative energy resistance 1, electricity
resistance, torment resistance 1, petrification resistance
a: Renounce Religion


You were on level 2 of the Dungeon.
You worshipped Xom.
You were a toy of Xom.
You visited 1 branch of the dungeon, and saw 2 of its levels.

You collected 158 gold pieces.

Inventory:

Hand Weapons
 a - a +0 hand axe of chaos (weapon)
Armour
 b - a +2 leather armour (worn)
 f - a +0 cloak (worn)
 h - a +0 helmet (worn)
 l - a +0 pair of gloves (worn)
Jewellery
 e - a ring of resist corrosion
Scrolls
 g - 2 scrolls of fog
 i - a scroll of enchant weapon {unknown}
 j - a scroll of noise
Miscellaneous
 c - a piece from Xom's chessboard (15/15) (quivered)


   Skills:
 + Level 4.1 Fighting
 * Level 4.1 Axes
 - Level 2.1 Armour
 - Level 0.7 Dodging


You had 3 spell levels left.
You didn't know any spells.
Your spell library contained the following spells:

 Spells                   Type           Power      Damage    Failure   Level
 Kiss of Death            Conj/Necr      0%         2d5       36%         1
 Confusing Touch          Hex            0%         N/A       73%         3
 Dispel Undead            Necr           0%         3d6       98%         4


Dungeon Overview and Level Annotations

Branches:
Dungeon (2/15)

Altars:

Annotations:
D:2 Sigmund


Innate Abilities, Weirdness & Mutations

You are immune to sickness and miasma.
Your stone body is resilient. (AC +3)
You are immune to poison.
You resist negative energy. (rN+)
You are resistant to electric shocks. (rElec)
You are resistant to unholy torment.
You are immune to petrification.


Message History

No target in view!
No target in view!
No target in view!
No target in view!
No target in view!
No target in view!
No target in view!
No target in view!
No target in view!
No target in view!
No target in view!
No target in view!
You can't see anything.
Try to make a move anyway?
Okay, then.
Something hits you!
A shower of butterflies erupts from you!
You miss something. Something hits you.
You closely miss something. Something hits you but does no damage.
You hear some strange, mumbled words.
A magic dart appears from out of thin air!
The magic dart hits you but does no damage.
You slash something! Something hits you but does no damage.
You closely miss something. Something hits you.
You feel much better. Something hits you but does no damage.
You hit something. Something hits you.
You closely miss something. Something hits you.
You hit something.
Xom is highly amused!
Nothing appears to happen.
Something hits you but does no damage.
You miss something. Something hits you. x2
It was a potion of brilliance.
You feel clever all of a sudden. Something hits you!
* * * LOW HITPOINT WARNING * * *
It was a potion of curing.
You feel better.
Xom roars with laughter!
Your butterfly disappears in a puff of smoke!
Something hits you!
Ouch! That really hurt!
You die...

#####.........#
*,,, ,.....
####.#.##### *, ,
..... #....#.#
*,,, .....
#.####.# ,,
,,..... #.# #.#
,,, ..... #.# #.#
*, ,,,..... #.#
#.# * ,, .....
#.# #.####* *
,,,,,..... #.#
#.b@†# ,, ,,
,,.....
#.####b##{..~~..
,,,,,, #......#
.~~~~~.,, , ,
########*.~§~~~.*
* *.~~b~~.*,*
.~~~~~.* *..~~~..
* *#.....#,,* ***
**


There were no monsters in sight!

Vanquished Creatures
  An adder (D:2)
  A worm (D:2)
  2 dart slugs
  2 ball pythons
  3 endoplasms (D:1)
  2 giant cockroaches
  9 goblins
  7 hobgoblins
  6 jackals
  3 quokkas
  2 bats
  13 frilled lizards (D:2)
  5 kobolds (D:1)
  6 rats
62 creatures vanquished.

Notes
Turn   | Place    | Note
-------+----------+-------------------------------------------
     0 | D:1      | oldriver the Gargoyle Chaos Knight began the quest for the
                  | Orb.
     0 | D:1      | Reached XP level 1. HP: 14/14 MP: 1/1
    63 | D:1      | Reached XP level 2. HP: 17/19 MP: 2/2
   276 | D:1      | XOM: butterfly on damage
   419 | D:1      | Found a faded altar of an unknown god.
   426 | D:1      | Reached XP level 3. HP: 23/24 MP: 3/3
   435 | D:1      | XOM: silly message
   680 | D:1      | XOM: noise
   899 | D:2      | XOM: 1-stop teleportation journey
  1312 | D:2      | Reached XP level 4. HP: 29/29 MP: 4/4
  1503 | D:2      | XOM: silly message
  1635 | D:2      | Noticed Sigmund
  1641 | D:2      | XOM: divination: magic mapping
  1649 | D:2      | XOM: butterfly on damage
  1660 | D:2      | Slain by Sigmund

Illustrated notes

Levels and vault maps discovered:
D:1:      roderic_crossed_star, layout_basic, chequers_ecumenical_altar_island,
          minmay_misc_feat_plants, grunt_decor_mini_mirrors, minmay_door_square,
          minmay_heptomino_d4
D:2:      layout_basic, minmay_lizard_pond, uniq_sigmund

Skill      XL: |  1  2  3  4 |
---------------+-------------+-----
Axes           | 3 4 |  4.1
Fighting       | 4 |  4.1
Armour         | |  2.1
Dodging        | |  0.7

Action                     |  1- 3 |  4- 6 || total
---------------------------+-------+-------++-------
  Melee: Hand axe          |    92 |    49 ||   141
         Punch             |     1 |     1 ||     2
    Use: Scroll            |     3 |     2 ||     5
         Potion            |       |     3 ||     3
 Armour: Leather armour    |    42 |    25 ||    67
  Dodge: Dodged            |    50 |    21 ||    71

Table legend: (Time is in decaauts)
 A = Elapsed time spent in this place.
 B = Non-inter-level travel time spent in this place.
 C = Inter-level travel time spent in this place.
 D = Time resting spent in this place.
 E = Time spent auto-exploring this place.
 F = Levels seen in this place.
 G = Mean time per level.
                   A        B        C        D        E       F      G
               +--------+--------+--------+--------+--------+-----+--------+
         Total |   1682 |   1616 |     66 |      0 |   1273 |   2 |  841.0 |
       Dungeon |   1682 |   1616 |     66 |      0 |   1273 |   2 |  841.0 |
               +--------+--------+--------+--------+--------+-----+--------+

Top non-repeatable levels by time:
     D:1: 902 daAuts
     D:2: 780 daAuts
